 Dungeon Crawl Stone Soup version 0.29.1 (webtiles) character file.

Game seed: 17464382612295171027

347 greasedhog the Cruncher (level 6, -4/44 HPs)
             Began as a Gnoll Wanderer on Sept 14, 2022.
             Was a Believer of Sif Muna.
             Killed by nerve-wracking pain
             ... invoked by an orc priest
              (9 damage)
             ... on level 4 of the Dungeon.
             The game lasted 00:04:10 (2981 turns).

greasedhog the Cruncher (Gnoll Wanderer)            Turns: 2981, Time: 00:04:10

Health: -4/44      AC:  8    Str: 14    XL:     6   Next: 59%
Magic:  11/11      EV: 11    Int: 11    God:    Sif Muna [**....]
Gold:   125        SH:  0    Dex: 11    Spells: 10/12 levels left

rFire   . . .      SeeInvis .   a - +2 quarterstaff
rCold   . . .      Faith    .   (shield currently unavailable)
rNeg    . . .      Spirit   .   d - +0 leather armour
rPois   .          Reflect  .   (no helmet)
rElec   .          Harm     .   (no cloak)
rCorr   .          Rampage  ∞   t - +0 pair of gloves
Will    .....                   e - +3 pair of seven-league boots {Rampage+∞}
Stlth   ++........              (no amulet)
HPRegen 0.14/turn               (no ring)
MPRegen 0.12/turn               (no ring)

@: no status effects
A: fangs 1, strong nose, distributed training
a: Renounce Religion, Channel Magic


You were on level 4 of the Dungeon.
You worshipped Sif Muna.
Sif Muna was pleased with you.
You visited 1 branch of the dungeon, and saw 4 of its levels.

You collected 125 gold pieces.

Inventory:

Hand Weapons
 a - a +2 quarterstaff (weapon)
Armour
 d - a +0 leather armour (worn)
 e - the +3 pair of seven-league boots (worn) {Rampage+∞}
   (You acquired it on level 1 of the Dungeon)

   Its wearer moves as far as possible in that direction when moving towards
   enemies.
 t - a +0 pair of gloves (worn)
Jewellery
 r - an amulet of reflection
Scrolls
 c - 2 scrolls of blinking
 g - a scroll of teleportation
 h - 2 scrolls of poison {unknown}
 l - a scroll of noise {unknown}
 m - 2 scrolls of identify {unknown}
 n - a scroll of silence {unknown}
 p - a scroll of fear {unknown}
 q - a scroll of fog {unknown}
 v - a scroll of brand weapon {unknown}
 w - a scroll of enchant weapon {unknown}
Potions
 f - 3 potions of curing
 j - a potion of berserk rage {unknown}
 k - a potion of mutation {unknown}
 u - a potion of magic
Miscellaneous
 b - a piece from Xom's chessboard (15/15)


   Skills:
 + Level 2.1 Fighting
 + Level 2.1 Short Blades
 + Level 2.1 Long Blades
 + Level 2.1 Axes
 + Level 2.1 Maces & Flails
 + Level 2.1 Polearms
 + Level 10.6 Staves
 + Level 2.1 Ranged Weapons
 + Level 2.1 Throwing
 + Level 3.3 Armour
 + Level 2.1 Dodging
 + Level 2.1 Stealth
 + Level 2.1 Shields
 + Level 2.1 Unarmed Combat
 + Level 3.5 Spellcasting
 + Level 2.7 Conjurations
 + Level 1.6 Hexes
 + Level 1.6 Summonings
 + Level 1.6 Necromancy
 + Level 1.6 Translocations
 + Level 1.6 Transmutations
 + Level 1.6 Fire Magic
 + Level 1.6 Ice Magic
 + Level 1.6 Air Magic
 + Level 1.6 Earth Magic
 + Level 1.6 Poison Magic
 + Level 2.3 Invocations
 + Level 5.0 Evocations


You had 10 spell levels left.
You knew the following spells:

 Your Spells              Type           Power      Damage    Failure   Level
a - Searing Ray           Conj           14%        2d5       16%         2

Your spell library contained the following spells:

 Spells                   Type           Power      Damage    Failure   Level
 Static Discharge         Conj/Air       6%         3-4/arc   19%         2
 Gell's Gravitas          Tloc           5%         N/A       43%         3
 Lesser Beckoning         Tloc           5%         N/A       43%         3
 Teleport Other           Tloc           5%         N/A       43%         3


Dungeon Overview and Level Annotations

Branches:
Dungeon (4/15)
 Temple: D:4-7

Altars:
Sif Muna


Innate Abilities, Weirdness & Mutations

You have very sharp teeth.
Your uncanny sense of smell can sniff out nearby items.
Your experience applies equally to all skills.


Message History

A magic dart appears from out of thin air!
The magic dart hits you.
The orc priest invokes the aid of Beogh against you.
Beogh smites you!
* * * LOW HITPOINT WARNING * * *
You completely miss something. Something hits you but does no damage.
The orc priest invokes the aid of Beogh against you.
Something writhes in agony!
Reactivating autopickup.
You feel a bit more experienced.
Unknown command.
You hit the orc priest but do no damage.
Your bite misses the orc priest.
The orc priest hits you but does no damage.
The orc priest attacks as you move away!
The orc priest hits you with a +0 club.
* * * LOW HITPOINT WARNING * * *
You sock the orc priest!
The orc priest is severely wounded.
You hit the orc priest.
You kill the orc priest!
Sif Muna accepts your kill.
You feel less invigorated.
You closely miss the orc priest.
The orc priest calls down the wrath of Beogh upon you.
Pain shoots through your body!
You bump into the closed door.
The orc priest invokes the aid of Beogh against you.
Beogh smites you!
* * * LOW HITPOINT WARNING * * *
The orc priest attacks as you move away!
The orc priest hits you but does no damage.
The orc priest casts a cantrip, but nothing happens.
You feel less confused.
The orc priest hits you but does no damage.
You hit the orc priest.
The orc priest is moderately wounded.
The orc priest mumbles some strange prayers to Beogh against you.
Pain shoots through your body!
You die...

............... ∆
..oo...........
...............
......))....... ∆ #)#
######)# #######......#
............o#
#######....@.#
#.....'......+ ∆
######.#####......#########
...)....# #......##......#
.....#..# #......##.####.#
.###.#..# #......##.# #.#
#.#..# #......##.# #.#
#.#..# #########.# #.#
#.#..# #######.# #.#


You could see an orc priest.

Vanquished Creatures
  A scorpion (D:3)
  A howler monkey (D:4)
  An orc priest (D:4)
  A jelly (D:3)
  Terence (D:3)
  An orc wizard (D:2)
  A gnoll (D:2)
  3 adders
  3 dart slugs
  5 orcs
  4 bats (D:2)
  6 endoplasms
  3 giant cockroaches (D:3)
  A goblin (D:2)
  12 hobgoblins
  2 jackals (D:1)
  5 kobolds
  4 quokkas
  13 ball pythons
  A frilled lizard (D:1)
  5 rats
74 creatures vanquished.

Vanquished Creatures (others)
  An orc wizard (D:4)
1 creature vanquished.

Grand Total: 75 creatures vanquished

Notes
Turn   | Place    | Note
-------+----------+-------------------------------------------
     0 | D:1      | Reached skill level 10 in Staves
     0 | D:1      | greasedhog the Gnoll Wanderer began the quest for the Orb.
     0 | D:1      | greasedhog set off with the following items: a +2
                  | quarterstaff, a piece from Xom's chessboard (15/15), a
                  | scroll of blinking, a +0 leather armour; and the following
                  | spells available to memorise: Searing Ray, Static
                  | Discharge.
     0 | D:1      | Reached XP level 1. HP: 13/13 MP: 4/4
   129 | D:1      | Reached XP level 2. HP: 19/19 MP: 5/5
   473 | D:1      | Learned a level 2 spell: Searing Ray
   565 | D:1      | Identified a scroll of acquirement
   565 | D:1      | Acquired the +3 pair of seven-league boots {Rampage+∞}
   565 | D:1      | Found the +3 pair of seven-league boots {Rampage+∞}
   636 | D:1      | Reached XP level 3. HP: 25/25 MP: 7/7
   845 | D:1      | Found a faded altar of an unknown god.
   850 | D:1      | Prayed at the altar of an unknown god.
   850 | D:1      | Became a worshipper of Sif Muna the Loreminder
   850 | D:1      | Reached * piety under Sif Muna
   906 | D:2      | Reached skill level 1 in Invocations
  1203 | D:2      | Reached skill level 1 in Fighting
  1203 | D:2      | Reached skill level 1 in Short Blades
  1203 | D:2      | Reached skill level 1 in Long Blades
  1203 | D:2      | Reached skill level 1 in Axes
  1203 | D:2      | Reached skill level 1 in Maces & Flails
  1203 | D:2      | Reached skill level 1 in Polearms
  1203 | D:2      | Reached skill level 1 in Ranged Weapons
  1203 | D:2      | Reached skill level 1 in Throwing
  1203 | D:2      | Reached skill level 1 in Dodging
  1203 | D:2      | Reached skill level 1 in Stealth
  1203 | D:2      | Reached skill level 1 in Shields
  1203 | D:2      | Reached skill level 1 in Unarmed Combat
  1217 | D:2      | Reached XP level 4. HP: 19/32 MP: 8/8
  1220 | D:2      | Reached skill level 1 in Hexes
  1220 | D:2      | Reached skill level 1 in Summonings
  1220 | D:2      | Reached skill level 1 in Necromancy
  1220 | D:2      | Reached skill level 1 in Translocations
  1220 | D:2      | Reached skill level 1 in Transmutations
  1220 | D:2      | Reached skill level 1 in Fire Magic
  1220 | D:2      | Reached skill level 1 in Ice Magic
  1220 | D:2      | Reached skill level 1 in Air Magic
  1220 | D:2      | Reached skill level 1 in Earth Magic
  1220 | D:2      | Reached skill level 1 in Poison Magic
  1523 | D:2      | Reached ** piety under Sif Muna
  1822 | D:3      | Reached XP level 5. HP: 36/37 MP: 9/9
  1896 | D:3      | Noticed Terence
  2561 | D:3      | Reached XP level 6. HP: 35/44 MP: 9/11
  2590 | D:3      | Killed Terence
  2938 | D:4      | Reached skill level 5 in Evocations
  2969 | D:4      | HP: 1/44 [orc priest/divine providence (13)]
  2981 | D:4      | Killed from afar by an orc priest

Illustrated notes

Levels and vault maps discovered:
D:1:      dpeg_arrival_stonehenge_8_columns, layout_loops_ring,
          hellmonk_ecumenical_altar_leap_of_faith
D:2:      layout_rooms, minmay_pentomino_o4
D:3:      kennysheep_six_static_rooms, layout_rooms, uniq_terence
D:4:      layout_basic, pdpol_temple_overflow_zin_treasury_gozag_greed

Skill      XL: |  1  2  3  4  5  6 |
---------------+-------------------+-----
Staves         | | 10.6
Conjurations   | 2 |  2.7
Invocations    | 1 2 |  2.3
Fighting       | 1 2 |  2.1
Short Blades   | 1 2 |  2.1
Long Blades    | 1 2 |  2.1
Axes           | 1 2 |  2.1
Maces & Flails | 1 2 |  2.1
Polearms       | 1 2 |  2.1
Ranged Weapons | 1 2 |  2.1
Throwing       | 1 2 |  2.1
Dodging        | 1 2 |  2.1
Stealth        | 1 2 |  2.1
Shields        | 1 2 |  2.1
Unarmed Combat | 1 2 |  2.1
Spellcasting   | 3 |  3.5
Hexes          | 1 |  1.6
Summonings     | 1 |  1.6
Necromancy     | 1 |  1.6
Translocations | 1 |  1.6
Transmutations | 1 |  1.6
Fire Magic     | 1 |  1.6
Ice Magic      | 1 |  1.6
Air Magic      | 1 |  1.6
Earth Magic    | 1 |  1.6
Poison Magic   | 1 |  1.6
Armour         | 3 |  3.3
Evocations     | 5 |  5.0

Action                   |  1- 3 |  4- 6 || total
-------------------------+-------+-------++-------
Melee: Quarterstaff      |    84 |   102 ||   186
       Bite              |     4 |    11 ||    15
 Cast: Searing Ray       |       |     5 ||     5
  Use: Scroll            |     2 |     1 ||     3
       Potion            |       |     6 ||     6
 Stab: Sleeping          |       |     1 ||     1
Armor: Leather armour    |    28 |    48 ||    76
       Skin              |     1 |       ||     1
Dodge: Dodged            |    28 |    50 ||    78
